 Dungeon Crawl Stone Soup version 0.28.0-47-ge53b351184 (webtiles) character file.

Game seed: 2421472617469989278

4291 Hodglim the Frost Mage (level 10, -10/78 HPs)
             Began as a Green Draconian Ice Elementalist on Apr 29, 2022.
             Was an Elder of Vehumet.
             Mangled by an orc knight
             ... wielding a +0 trident
              (29 damage)
             ... in a bailey on May 4, 2022.
             The game lasted 01:33:57 (8809 turns).

Hodglim the Frost Mage (DrIE)                       Turns: 8809, Time: 01:34:06

Health: -10/78     AC: 11    Str: 10    XL:     10   Next: 11%
Magic:  18/22      EV: 12    Int: 19    God:    Vehumet [****..]
Gold:   197        SH:  0    Dex: 13    Spells: 10/25 levels left

rFire   . . .      SeeInvis .   m - +10 spear of Dull Valour {speed, Will+}
rCold   . . .      Faith    .   (no shield)
rNeg    . . .      Spirit   .   (armour unavailable)
rPois   +          Reflect  .   (helmet restricted)
rElec   .          Harm     .   o - +0 cloak
rCorr   .          Rampage  .   f - +2 pair of gloves
Will    +....                   (no boots)
Stlth   ++........              i - amulet of regeneration
HPRegen 1.03/turn               (no ring)
MPRegen 0.18/turn               (no ring)

@: freezing walls, studying Earth Magic
A: breathe noxious fumes, AC +7, unfitting armour, poison resistance,
cold-blooded
a: Breathe Noxious Fumes, Renounce Religion


You were in a bailey.
You worshipped Vehumet.
Vehumet was greatly pleased with you.
You visited 2 branches of the dungeon, and saw 9 of its levels.
You also visited: Ossuary and Bailey.

You collected 337 gold pieces.
You spent 140 gold pieces at shops.

Inventory:

Hand Weapons
 m - the +10 spear of Dull Valour (weapon) {speed, Will+}
   (You found it on level 3 of the Dungeon)

   Attacks with this weapon are significantly faster.
   Will:      It increases your willpower.
 y - a +5 short sword
Missiles
 e - 171 stones
 r - 6 boomerangs (quivered)
Armour
 f - a +2 pair of gloves (worn)
 o - a +0 cloak (worn)
Magical Staves
 p - a staff of air
Jewellery
 i - an amulet of regeneration (around neck)
Wands
 v - a wand of paralysis (9)
 w - a wand of iceblast (4)
Scrolls
 a - 2 scrolls of enchant armour
 d - 4 scrolls of identify
 g - a scroll of vulnerability {unknown}
 h - 4 scrolls of teleportation
 j - 2 scrolls of magic mapping
 k - 2 scrolls of fog
 n - a scroll of amnesia {unknown}
 s - a scroll of summoning {unknown}
 A - a scroll of enchant weapon {unknown}
 C - a scroll of fear {unknown}
Potions
 b - a potion of berserk rage {unknown}
 c - a potion of degeneration {unknown}
 l - 2 potions of ambrosia {unknown}
 q - a potion of invisibility
 u - 3 potions of might
 x - a potion of flight {unknown}
 z - 3 potions of brilliance
 B - 2 potions of curing


   Skills:
 - Level 3.8 Fighting
 - Level 0.3 Polearms
 - Level 2.1 Dodging
 - Level 2.2 Stealth
 - Level 0.1 Unarmed Combat
 + Level 8.2 Spellcasting
 + Level 1.9 Conjurations
 + Level 10.0 Ice Magic
 + Level 8.4 Earth Magic


You had 10 spell levels left.
You knew the following spells:

 Your Spells              Type           Power      Damage    Failure   Level
a - Freeze                Ice            100%       1d11      1%          1
b - Frozen Ramparts       Ice            92%        1d11      1%          3
c - Sandblast             Erth           78%        2d17      1%          1
d - Ozocubu's Armour      Ice            46%        N/A       1%          3
e - Hailstorm             Conj/Ice       30%        3d8       2%          4
f - Stone Arrow           Conj/Erth      54%        3d10      1%          3

Your spell library contained the following spells:

 Spells                   Type           Power      Damage    Failure   Level
 Magic Dart               Conj           60%        1d6       1%          1
 Mephitic Cloud           Conj/Pois/Air  10%        N/A       5%          3
 Call Imp                 Summ           7%         N/A       14%         2
 Gell's Gravitas          Tloc           7%         N/A       26%         3
 Lesser Beckoning         Tloc           7%         N/A       26%         3
 Teleport Other           Tloc           7%         N/A       26%         3
 Tukima's Dance           Hex            7%         N/A       26%         3
 Anguish                  Hex/Necr       3%         N/A       65%         4
 Enfeeble                 Hex            3%         N/A       100%        7


Dungeon Overview and Level Annotations

Branches:
Dungeon (8/15)             Temple (1/1) D:4         Ossuary (visited)
 Bailey (1/1)
   Lair: D:8-11

Altars:
Cheibriados
Dithmenos
Elyvilon
Fedhas
Gozag
Hepliaklqana
Kikubaaqudgha
Makhleb
Nemelex Xobeh
Okawaru
Qazlal
Ru
Sif Muna
Trog
Uskayaw
Vehumet
Wu Jian
Xom
Yredelemnul
Zin
The Shining One

Shops:
D:4 (**=


Innate Abilities, Weirdness & Mutations

You can breathe blasts of noxious fumes.
Your lurid green scales are hard. (AC +7)
You cannot fit into any form of body armour.
Your system is resistant to poisons. (rPois)
You are cold-blooded and may be slowed by cold attacks.


Message History

An orc knight and an orc warrior come into view.
The orc warrior shouts!
The orc knight roars a battlecry!
The orcs go into a battle-frenzy!
An orc comes into view. It is wielding a +0 trident.
The orc shouts!
There is an open gate here.
Found a pair of embroidered gloves.
The orc knight hits you with a +0 trident!!
The orc warrior hits you but does no damage.
You see here a scroll of acquirement.
Casting: Sandblast (safe; 1% risk of failure)
Confirm with . or Enter, or press ? or * to list all spells.
Casting: Frozen Ramparts (safe; 1% risk of failure)
Press: ? - help, Dir - look around, f - activate The walls around you are covered in ice.
The wall freezes the orc knight!
You hit the orc knight.
The orc knight is moderately wounded.
The wall freezes the orc knight.
The orc knight roars a battlecry!
The orc knight goes into a battle-frenzy!
The wall freezes the orc!
You kill the orc!
Vehumet accepts your kill.
Casting: Frozen Ramparts (safe; 1% risk of failure)
Confirm with . or Enter, or press ? or * to list all spells.
Aiming: Sandblast (safe; 1% risk of failure)
Press: ? - help, Shift-Dir - straight line, f - orc knight
Aim: an orc knight, wielding a +0 trident and wearing a +0 scale mail (moderately wounded, strong, 77% to hit)
The blast of sand hits the orc knight but does no damage.
The orc knight is moderately wounded.
e - 171 stones The wall freezes the orc knight.
The orc knight hits you from afar with a +0 halberd!!!
Ouch! That really hurt!
* * * LOW HITPOINT WARNING * * *
The wall freezes the orc knight.
The orc knight hits you with a +0 trident!!
You die...

...........##.......##...........
..........##..#'#'#..##..........
..........#..##.#)##..#..........
.........##.#########.##.........
.........##.')#).[#)'.##.........
.........##.###._.###.##.........
.........##.'.#oo.#)'.##.........
.........##.####'####.##.........
.........##..##∩@o##..#..........
.............##'''#..##..........
.............##.....##...........
...≈≈)≈≈≈....##....##...≈≈≈.≈≈...
..≈≈#)##≈....#######....≈##.#≈≈..
..≈##)∩#≈...............≈#∩.##≈..
..≈#....................)))..#≈..
..≈##.##≈...............≈##.##≈..
..≈≈###≈≈...............≈≈###≈≈..


You could see 2 orc knights and an orc warrior (strong).

Vanquished Creatures
  Prince Ribbit (D:7)
  A shadow (D:7)
  A steam dragon (D:7)
  2 water moccasins (D:7)
  2 ice beasts (D:7)
  3 sky beasts
  3 ogres
  7 orc warriors
  3 necrophages
  2 elf zombies (Ossuary)
  10 scorpions
  3 wights (D:7)
  A bullfrog zombie (D:5)
  3 centaur zombies (Ossuary)
  6 jellies
  3 human zombies (Ossuary)
  An orc priest (D:4)
  A centaur skeleton (D:6)
  2 gnoll shamans
  4 iguanas
  2 orc wizards
  A killer bee zombie (D:6)
  A hound skeleton (D:5)
  2 mummies (Ossuary)
  A howler monkey zombie (D:6)
  7 adders
  9 gnolls
  2 howler monkey skeletons
  A shadow imp (D:7)
  2 white imps (D:6)
  An ufetubus (D:5)
  An adder zombie (D:5)
  2 adder skeletons (D:4)
  2 worms (D:4)
  4 dart slugs
  25 orcs
  8 endoplasms
  4 giant cockroaches
  7 goblins
  13 hobgoblins
  8 kobolds
  6 quokkas
  10 ball pythons
  6 bats
  4 frilled lizards (D:1)
  4 goblin zombies (Ossuary)
  7 hobgoblin zombies (Ossuary)
  10 kobold zombies (Ossuary)
  8 orc zombies (Ossuary)
  4 rats
221 creatures vanquished.

Vanquished Creatures (others)
  3 fungi (D:4)
  A plant (D:7)
4 creatures vanquished.

Grand Total: 225 creatures vanquished

Notes
Turn   | Place    | Note
-------+----------+-------------------------------------------
     0 | D:1      | Hodglim the Draconian Ice Elementalist began the quest for
                  | the Orb.
     0 | D:1      | Reached XP level 1. HP: 14/14 MP: 3/3
   445 | D:1      | Reached XP level 2. HP: 20/20 MP: 1/5
  1317 | D:2      | Reached XP level 3. HP: 23/26 MP: 6/6
  1951 | D:3      | Identified the +10 spear of Dull Valour {speed, Will+}
  2023 | D:3      | Found a faded altar of an unknown god.
  2256 | D:3      | Reached XP level 4. HP: 31/34 MP: 5/7
  2956 | D:4      | Learned a level 3 spell: Frozen Ramparts
  2958 | D:4      | Noticed a scorpion
  2962 | D:4      | Killed a scorpion
  2963 | D:4      | Reached skill level 5 in Ice Magic
  2973 | D:4      | Reached XP level 5. HP: 39/39 MP: 2/9
  3437 | D:4      | Found Limianum's Weapon Emporium.
  3495 | D:4      | Found Inyotulu's General Store.
  3508 | D:4      | Bought a potion of heal wounds for 70 gold pieces
  3508 | D:4      | Bought 6 boomerangs for 42 gold pieces
  3549 | D:4      | Noticed a necrophage
  3556 | D:4      | Killed a necrophage
  3557 | D:4      | Reached skill level 6 in Ice Magic
  3557 | D:4      | Reached XP level 6. HP: 46/46 MP: 7/12
  3840 | D:4      | Found Ytokluh's Jewellery Shoppe.
  3987 | D:4      | Found a staircase to the Ecumenical Temple.
  3996 | Temple   | Entered the Ecumenical Temple
  4319 | Temple   | Became a worshipper of Vehumet
  4438 | D:4      | Your scales start taking on a lurid green colour.
  4438 | D:4      | Reached XP level 7. HP: 44/51 MP: 9/14
  4438 | D:4      | Gained mutation: Your system is resistant to poisons.
                  | (rPois) [Green Draconian growth]
  4487 | D:4      | Reached skill level 5 in Spellcasting
  4494 | D:4      | Reached skill level 1 in Fighting
  4495 | D:4      | Reached skill level 7 in Ice Magic
  4722 | D:4      | Found Jeluw's General Store.
  4737 | D:4      | Bought a scroll of identify for 28 gold pieces
  4917 | D:5      | Entered Level 5 of the Dungeon
  5218 | D:5      | Reached * piety under Vehumet
  5218 | D:5      | Offered knowledge of Sandblast by Vehumet.
  5301 | D:5      | Reached XP level 8. HP: 57/63 MP: 8/16
  5415 | D:5      | Found the +7 Kryia's mail coat {PotionHeal*2 rC+}
  5453 | D:5      | Found a faded altar of an unknown god.
  5958 | D:6      | Learned a level 1 spell: Sandblast
  6119 | D:6      | Reached skill level 8 in Ice Magic
  6138 | D:6      | Learned a level 3 spell: Ozocubu's Armour
  6377 | D:6      | Reached skill level 1 in Earth Magic
  7154 | D:7      | Reached XP level 9. HP: 69/71 MP: 8/19
  7212 | D:7      | Reached ** piety under Vehumet
  7212 | D:7      | Offered knowledge of Scorch by Vehumet.
  7253 | D:7      | Found a sand-covered staircase.
  7259 | Ossuary  | Entered an ossuary
  7422 | Ossuary  | Reached skill level 5 in Earth Magic
  7461 | Ossuary  | Reached skill level 9 in Ice Magic
  7461 | Ossuary  | Offered knowledge of Ignite Poison by Vehumet.
  7716 | D:7      | Reached *** piety under Vehumet
  7828 | D:7      | Learned a level 4 spell: Hailstorm
  7917 | D:7      | Offered knowledge of Stone Arrow by Vehumet.
  7923 | D:7      | Learned a level 3 spell: Stone Arrow
  7946 | D:7      | Noticed Prince Ribbit
  7961 | D:7      | Killed Prince Ribbit
  8360 | D:8      | Reached skill level 1 in Conjurations
  8394 | D:8      | Found a flagged portal.
  8409 | Bailey   | Entered a bailey
  8574 | Bailey   | Reached XP level 10. HP: 68/78 MP: 20/22
  8579 | Bailey   | Reached skill level 10 in Ice Magic
  8626 | Bailey   | Reached **** piety under Vehumet
  8805 | Bailey   | Noticed an orc knight
  8805 | Bailey   | Noticed an orc knight
  8809 | Bailey   | Mangled by an orc knight

Illustrated notes

Levels and vault maps discovered:
D:1:      scummos_arrival_star, layout_loops_ring,
          hangedman_decor_clover_reticule
D:2:      layout_loops_cross
D:3:      layout_loops_corners, dreamdust_ecumenical_altar_hidden_monk_grotto
D:4:      old_forge, layout_basic, minmay_temple_entry_slanted, serial_shops,
          nicolae_shop_hallway_stairs, shop_fountains,
          nicolae_shop_competitors_out_of_business,
          nicolae_shop_bloodbath_and_beyond, minmay_door_square,
          minmay_manual_mail
D:5:      layout_cave_pools, serial_column_ruins, column_ruins_temple_hut,
          column_ruins_open_large, column_ruins_columns_straight,
          column_ruins_open_tiny, column_ruins_grid_1,
          column_ruins_corridor_dead_end, column_ruins_open_tiny,
          column_ruins_open_tiny, nicolae_elevator_lobby_asterisk
D:6:      layout_basic
D:7:      corexii_shack_village, layout_basic, nicolae_ossuary_entry_plus,
          grunt_decor_junction, minmay_quadrilaterals, uniq_prince_ribbit1
D:8:      layout_basic, mainiacjoe_overflow_concentric_impassable,
          enter_bailey_2, kennysheep_decorative_pillar
Temple:   mainiacjoe_temple_hex_bubbles
Bailey:   bailey_polearm_2, bailey

Skill      XL: |  1  2  3  4  5  6  7  8  9 10 |
---------------+-------------------------------+-----
Dodging        | 2 |  2.1
Stealth        | 2 |  2.2
Spellcasting   | 3 4 5 6 8 |  8.2
Ice Magic      | 5 6 7 8 9 10 | 10.0
Fighting       | 3 |  3.8
Earth Magic    | 4 8 |  8.4
Conjurations   | 1 |  1.9
Polearms       | |  0.3
Unarmed Combat | |  0.1

Action                   |  1- 3 |  4- 6 |  7- 9 | 10-12 || total
-------------------------+-------+-------+-------+-------++-------
Melee: Unarmed           |    19 |       |       |       ||    19
       Tailslap          |    12 |     2 |    45 |     2 ||    61
       Dagger            |    51 |       |       |       ||    51
       Punch             |     1 |     1 |     5 |       ||     7
       Spear             |    11 |    35 |   266 |    12 ||   324
Throw: Boomerang         |       |     7 |    14 |       ||    21
 Cast: Freeze            |    27 |    13 |    53 |       ||    93
       Frozen Ramparts   |       |     9 |    23 |     2 ||    34
       Sandblast         |       |       |    46 |     7 ||    53
       Stone Arrow       |       |       |     4 |       ||     4
       Ozocubu's Armour  |       |       |     2 |       ||     2
 Abil: Breathe Noxious F |       |       |     2 |       ||     2
  Use: Scroll            |       |     1 |    11 |       ||    12
       Potion            |       |       |     1 |       ||     1
 Stab: Sleeping          |     4 |     4 |     1 |     2 ||    11
       Distracted        |       |       |     1 |       ||     1
Armor: Skin              |    24 |    10 |    93 |     3 ||   130
Dodge: Dodged            |    60 |    17 |   132 |     9 ||   218
